 Dungeon Crawl Stone Soup version 0.21-a0-196-g6a663c0 (console) character file.

618 Cielynia the Basher (level 7, -1/52 HPs)
             Began as a Gnoll Wanderer on Aug 16, 2017.
             Slain by an iguana (8 damage)
             ... on level 3 of the Dungeon.
             The game lasted 00:17:56 (8893 turns).

Cielynia the Basher (Gnoll Wanderer)                Turns: 8893, Time: 00:17:57

Health: -1/52      AC:  3    Str:  7    XL:     7   Next: 45%
Magic:  8/8        EV: 12    Int:  7    God:
Gold:   221        SH:  0    Dex:  7    Spells: 6/6 levels left

rFire    . . .     SeeInvis +   d - +0 morningstar
rCold    . . .     Gourm    .   (no shield)
rNeg     . . .     Faith    .   e - +0 robe
rPois    .         Spirit   .   (no helmet)
rElec    .         Reflect  .   (no cloak)
rCorr    .         Harm     .   u - +0 pair of gloves
MR       .....                  (no boots)
Stlth    +.........             (no amulet)
HPRegen  0.17/turn              k - ring of see invisible
MPRegen  0.11/turn              (no ring)

@: no status effects
A: unchanging attributes, fangs 1, strong nose
a: no special abilities


You were on level 3 of the Dungeon.
You were hungry.

You visited 1 branch of the dungeon, and saw 4 of its levels.

You collected 221 gold pieces.

Inventory:

Hand Weapons
 d - a +0 morningstar (weapon)
 g - a +0 flail
Armour
 e - a +0 robe (worn)
 u - a +0 pair of gloves (worn)
Jewellery
 k - a ring of see invisible (left hand)
Scrolls
 f - a scroll of fog {unknown}
 j - 4 scrolls of remove curse {unknown}
 l - a scroll of magic mapping {unknown}
 n - 2 scrolls of enchant armour {unknown}
 q - a scroll of fear {unknown}
 r - a scroll of enchant weapon {unknown}
 v - a scroll of teleportation {unknown}
Potions
 a - a potion of heal wounds
 b - 2 potions of haste
 c - 5 potions of curing
 m - 2 potions of resistance
 o - a potion of brilliance
Comestibles
 h - 2 royal jellies
 i - a bread ration
 p - 2 meat rations
 s - 7 chunks of flesh


   Skills:
 + Level 3.4 Fighting
 + Level 9.4 Maces & Flails
 - Level 1.3 Throwing
 - Level 2.6 Dodging
 - Level 4.0 Unarmed Combat
   Level 1.3 Necromancy
   Level 2.6 Ice Magic
   Level 1.3 Evocations


You had 6 spell levels left.
You didn't know any spells.

Dungeon Overview and Level Annotations

Branches:
Dungeon (4/15)
 Temple: D:4-7

Altars:
Zin

Annotations:
D:3 1 runed door
D:4 tehllama's ghost, amateur OpTm


Innate Abilities, Weirdness & Mutations

Your physical attributes are unchanging.
You have very sharp teeth.
Your uncanny sense of smell can sniff out nearby items.


Message History

You hit the iguana.
The iguana is almost dead.
The iguana barely misses you.
You hit the iguana but do no damage.
The iguana is almost dead.
The iguana bites you!
You hit the iguana.
The iguana is almost dead.
The iguana closely misses you.
You closely miss the iguana. Your bite misses the iguana.
The iguana is almost dead.
The iguana misses you.
You hit the iguana but do no damage.
The iguana is almost dead.
The iguana bites you!
* * * LOW HITPOINT WARNING * * *
You barely miss the iguana.
The iguana is almost dead.
The iguana bites you!
You die...

#..#......).(...##.########
##.#.<................####.
#.#.........>.###.##...##)
#.#.........)..##.####..#.
#.#................####...
#.#.....(............##...
#.#...............##.##.##
#.###........#.....#.....#
#####.###....@.........##..#((
#.........##l...##...........#
#................##..#......##
#.........###.#............###
########### #..#..........####
##....>......[#A..
###..........####
##########...........###
#####.....................##


You could see an iguana.

Vanquished Creatures
  An ogre (D:4)
  2 hounds
  2 orc priests
  A gnoll shaman (D:4)
  A bullfrog skeleton (D:4)
  Terence (D:2)
  An orc wizard (D:4)
  A worker ant (D:3)
  A hound skeleton (D:4)
  8 gnolls
  6 adders
  3 oozes
  A worm (D:2)
  3 dart slugs
  3 leopard geckos
  12 orcs
  2 ball pythons
  12 bats
  6 giant cockroaches
  12 goblins
  7 hobgoblins
  7 jackals
  5 quokkas
  7 frilled lizards
  8 kobolds
  A quokka skeleton (D:4)
  10 rats
124 creatures vanquished.

Notes
Turn   | Place    | Note
-------+----------+-------------------------------------------
     0 | D:1      | Cielynia the Gnoll Wanderer began the quest for the Orb.
     0 | D:1      | Cielynia set off with: a potion of heal wounds, a potion of haste, a potion of curing, a potion of lignification, a +0 robe, a +0 club, a bread ration
     0 | D:1      | Reached XP level 1. HP: 13/13 MP: 2/2
   103 | D:1      | Reached skill level 1 in Fighting
   261 | D:1      | Reached XP level 2. HP: 22/22 MP: 3/3
   720 | D:1      | Reached skill level 1 in Maces & Flails
   821 | D:1      | Reached XP level 3. HP: 15/29 MP: 4/4
  1547 | D:2      | Reached skill level 2 in Maces & Flails
  2420 | D:2      | Reached skill level 3 in Maces & Flails
  2688 | D:3      | Noticed Terence
  2691 | D:2      | Reached XP level 4. HP: 29/35 MP: 5/5
  3346 | D:1      | Reached skill level 4 in Maces & Flails
  4181 | D:2      | Reached XP level 5. HP: 36/41 MP: 6/6
  4252 | D:3      | Reached skill level 5 in Maces & Flails
  4661 | D:2      | Killed Terence
  5151 | D:3      | Found a glowing silver altar of Zin.
  5152 | D:3      | Found a runed door.
  5152 | D:3      | Noticed an angel
  5179 | D:3      | Reached skill level 6 in Maces & Flails
  6060 | D:3      | Reached XP level 6. HP: 39/47 MP: 7/7
  6353 | D:3      | Reached skill level 7 in Maces & Flails
  6744 | D:4      | Noticed tehllama's ghost (amateur OpTm)
  7232 | D:3      | Reached skill level 8 in Maces & Flails
  7637 | D:4      | Reached XP level 7. HP: 27/52 MP: 8/8
  7888 | D:4      | Reached skill level 9 in Maces & Flails
  8893 | D:3      | Slain by an iguana

Vault maps used:
D:1:      dpeg_arrival_rooms_b, minmay_hedge_maze, grunt_decor_one_mirror,
          minmay_misc_feat_alley
D:2:      minmay_pentomino_s4
D:3:      first_bread, lemuel_angel_altar, uniq_terence
D:4:      grunt_decor_arrowhead, minmay_splitting_lines, uniq_robin,
          uniq_duvessa

Skill      XL: |  1  2  3  4  5  6  7 |
---------------+----------------------+-----
Fighting       | 2 3 |  3.4
Maces & Flails | 1 3 4 6 8 9 |  9.4
Throwing       | |  1.3
Dodging        | |  2.6
Unarmed Combat | |  4.0
Necromancy     | |  1.3
Ice Magic      | |  2.6
Evocations     | |  1.3

Action                   |  1- 3 |  4- 6 |  7- 9 || total
-------------------------+-------+-------+-------++-------
Melee: Unarmed           |    27 |       |       ||    27
       Mace              |   161 |    75 |       ||   236
       Bite              |     4 |    12 |     3 ||    19
       Punch             |     2 |     3 |       ||     5
       Flail             |       |   137 |       ||   137
       Morningstar       |       |   104 |    77 ||   181
  Use: Scroll            |       |     3 |     1 ||     4
       Potion            |       |     2 |     1 ||     3
  Eat: Chunk             |     6 |    11 |     4 ||    21
       Bread ration      |       |     1 |       ||     1
Armor: Robe              |    63 |    40 |     8 ||   111
       Skin              |       |    27 |       ||    27
Dodge: Dodged            |   161 |   207 |    48 ||   416
